[Event "Late-Titled-Tuesday-Blitz-November-28-2023"]
[Site "Chess.com"]
[Date "2023.11.28"]
[Round "7"]
[White "Alohamora11"]
[Black "CheckThis4"]
[Result "1/2-1/2"]
[WhiteElo "2580"]
[BlackElo "2717"]
[TimeControl "180+1"]
[EndTime "15:14:57 PST"]
[Termination "Game drawn by repetition"]

1. e4 Nc6 2. Nf3 e5 3. d4 exd4 4. Nxd4 Nf6 5. Nc3 Bb4 6. Nxc6 bxc6 7. Bd3 d5 8. exd5 cxd5 9. O-O O-O 10. Bg5 c6 11. Qf3 h6 12. Bxf6 Qxf6 13. Qxf6 gxf6 14.
Ne2 Rb8 15. b3 a5 16. Nd4 Bd7 17. Bf5 Bc3 18. Bxd7 Bxd4 19. Rad1 c5 20. Bc6 Rfd8 21. c3 Bxc3 22. Bxd5 Kg7 23. Rd3 Bd4 24. Bc4 Rb4 25. Rfd1 a4 26. Rg3+ Kf8 27. Rdd3 axb3 28. axb3 Ra8 29.
Rd1 Ra2 30. Rf3 Rb2 31. g3 Rb8 32. Re1 Ra8 33. Re2 Rxe2 34. Bxe2 Ra2 35. Bc4 Rd2 36.
Kg2 Ke7 37. g4 Kf8 38. h3 Kg7 39. Rf5 Rb2 40. Kg3 Rc2 41. h4 Rc3+ 42. Kg2 Rc2 43. h5 Rb2 44. Kg3 Rc2 45. Kg2 Rb2 46. Kg3 Rc2 47. Kg2 1/2-1/2

[Event "Late-Titled-Tuesday-Blitz-November-28-2023"]
[Site "Chess.com"]
[Date "2023.11.28"]
[Round "7"]
[White "The_Machine04"]
[Black "Nf3c5"]
[Result "0-1"]
[WhiteElo "2654"]
[BlackElo "2513"]
[TimeControl "180+1"]
[EndTime "15:14:57 PST"]
[Termination "Nf3c5 won on time"]

1. d4 Nf6 2. Nf3 g6 3. Nbd2 d5 4. e3 a5 5. c4 c6 6. b3 Bf5 7.
Bb2 Bg7 8. Be2 O-O 9. O-O Ne4 10. Rc1 a4 11. cxd5 cxd5 12. bxa4 Nxd2 13. Nxd2 Nc6 14. Qb3 Ra7 15. Bb5 Na5 16. Qb4 Nc6 17. Qc5 Ra8 18. Ba3 Re8 19. Bxc6 bxc6 20. Qxc6 Qa5 21. Nf3 Be4 22.
Bc5 Bxf3 23. gxf3 e5 24. Qxd5 exd4 25. exd4 Qxa4 26. a3 Rad8 27. Qc4 Qd7 28. Rfd1 Qh3 29. Rc3 Bh6 30. Qf1 Qh5 31. Qg2 Rd5 32. Kh1 Bf4 33. Rg1 Rg5 0-1

[Event "Late-Titled-Tuesday-Blitz-November-28-2023"]
[Site "Chess.com"]
[Date "2023.11.28"]
[Round "7"]
[White "kikoveiga"]
[Black "Kostukov_Alex"]
[Result "1-0"]
[WhiteElo "2576"]
[BlackElo "2359"]
[TimeControl "180+1"]
[EndTime "15:14:59 PST"]
[Termination "kikoveiga won on time"]

1. c4 c5 2. Nf3 Nf6 3. a3 g6 4. b4 Bg7 5. Bb2 d6 6. g3 O-O 7. Bg2 Nc6 8. b5 Na5 9. d3 d5 10. cxd5 Qxd5 11. O-O Qh5 12. Nbd2 Bh3 13. Qa4 b6 14.
Rfc1 Bxg2 15. Kxg2 Qd5 16. Bc3 Nd7 17. Nc4 Bxc3 18.
Rxc3 Nxc4 19. dxc4 Qb7 20. Re3 e5 21. Rd1 e4 22. Ng5 f5 23. Ne6 Rfe8 24. Nf4 Ne5 25. Rd5 Ng4 26. Rc3 Nf6 27. Rd6 Kf7 28. Qd1 Re7 29.
Rc2 g5 30. Nd5 Nxd5 31. Rxd5 Kg6 32. e3 Rf8 33. Rd6+ Rf6 34. Rcd2 Rf7 35. R2d5 Rxd6 36. Rxd6+ Rf6 37. Rd7 Qa8 38. a4 h5 39. Rd8 Qb7 40.
Rg8+ Kh7 41. Qd8 1-0

[Event "Late-Titled-Tuesday-Blitz-November-28-2023"]
[Site "Chess.com"]
[Date "2023.11.28"]
[Round "7"]
[White "PoXerStar"]
[Black "NikolasTheiss"]
[Result "0-1"]
[WhiteElo "2401"]
[BlackElo "2552"]
[TimeControl "180+1"]
[EndTime "15:15:00 PST"]
[Termination "NikolasTheiss won on time"]

1. d4 c5 2. d5 b5 3. e4 b4 4. Bc4 d6 5. Ne2 g6 6. O-O Bg7 7. f4 Nf6 8. Ng3 Bg4 9. Qe1 O-O 10. h3 Bc8 11. Qe2 Nbd7 12. e5 Ne8 13. e6 fxe6 14.
dxe6 Nb6 15. f5 d5 16. Bb5 Nd6 17. fxg6 Rxf1+ 18. Kxf1 hxg6 19. Bd3 Qf8+ 20. Qf3 Bxe6 21. Bxg6 Bxh3 22. Kg1 Qxf3 23. gxf3 Rf8 24. Kh2 Bd7 25. a3 Rxf3 26. axb4 Rf2+ 27. Kg1 Bd4 28. c3 Rc2+ 29. cxd4 Rxc1+ 30. Kf2 cxd4 31. Ne2 Rc4 32. Rxa7 Rxb4 33.
Nd2 e5 34. Nf3 Ndc4 0-1

[Event "Late-Titled-Tuesday-Blitz-November-28-2023"]
[Site "Chess.com"]
[Date "2023.11.28"]
[Round "7"]
[White "TreinadorBR"]
[Black "stregachess"]
[Result "1-0"]
[WhiteElo "2358"]
[BlackElo "2079"]
[TimeControl "180+1"]
[EndTime "15:15:03 PST"]
[Termination "TreinadorBR won on time"]

1. e4 c5 2. Nf3 Nc6 3. d4 cxd4 4.
Nxd4 Nf6 5. Nc3 g6 6. Bc4 Bg7 7. Nxc6 bxc6 8. e5 Nd5 9. Nxd5 cxd5 10. Qxd5 O-O 11. Qxa8 Qa5+ 12. c3 Qxe5+ 13. Be3 Qc7 14. Qd5 e6 15. Qd3 Qb7 16. O-O Qxb2 17. Rab1 Qa3 18.
Rb3 Qa5 19. Bd4 d5 20. Bb5 e5 21. Bc5 Bf5 22. Qe2 Rc8 23. Bb4 Qc7 24. Ba6 Rd8 25. Ra3 Rb8 26. h3 d4 27. Rc1 Qd8 28. Bd3 Be6 29. cxd4 exd4 30. Bc5 Qg5 31. Bd6 Qxc1+ 32.
Kh2 Rd8 33. Be5 Re8 34. Bxg7 Kxg7 35. Qe5+ Kg8 36. Rxa7 Qc3 37. Qg3 1-0

[Event "Late-Titled-Tuesday-Blitz-November-28-2023"]
[Site "Chess.com"]
[Date "2023.11.28"]
[Round "7"]
[White "Actuary44"]
[Black "Good_Knight_Kiss"]
[Result "1-0"]
[WhiteElo "2467"]
[BlackElo "2323"]
[TimeControl "180+1"]
[EndTime "15:15:04 PST"]
[Termination "Actuary44 won on time"]

1. e4 c5 2. d4 cxd4 3. c3 dxc3 4. Nxc3 Nc6 5. f4 d6 6. Nf3 Nf6 7. Bd3 g6 8. O-O Bg7 9. Kh1 O-O 10. Qe1 e6 11. f5 Ne5 12. fxg6 Nxd3 13. gxh7+ Kh8 14.
Qh4 Nxc1 15. Raxc1 Bd7 16. Ng5 Bc6 17. Rcd1 Qb6 18. b3 Qc5 19. Ne2 Qe5 20. Ng3 a5 21. Nf3 Qc5 22. Ng5 a4 23. Nh3 Qe5 24. b4 Nxe4 25. Nh5 f5 26. N3f4 Bf6 27. Ng6+ Kxh7 28. Nxf8+ Rxf8 29. Nxf6+ Kg6 30. Ng4 Qh8 31. Qxh8 Rxh8 32.
Ne3 Kf6 33. Kg1 Ke7 34. Nc4 Rg8 35. Rfe1 Bd5 36. Nb6 Bc6 37. Re2 1-0

[Event "Late-Titled-Tuesday-Blitz-November-28-2023"]
[Site "Chess.com"]
[Date "2023.11.28"]
[Round "7"]
[White "zverr1"]
[Black "hristos03"]
[Result "1-0"]
[WhiteElo "2520"]
[BlackElo "2364"]
[TimeControl "180+1"]
[EndTime "15:15:05 PST"]
[Termination "zverr1 won on time"]

1. e4 c5 2. Nf3 d6 3. Nc3 Nf6 4.
e5 dxe5 5. Nxe5 Nbd7 6. d4 e6 7.
Bg5 h6 8. Bh4 Qb6 9. Nc4 Qd8 10.
Nb5 a6 11. Nbd6+ Bxd6 12. Nxd6+ Ke7 13. Nc4 b5 14. Ne5 Bb7 15. Be2 Rc8 16. Bf3 Qb6 17. Nxd7 Qa5+ 18. c3 Bxf3 19. Qxf3 Kxd7 20. Bxf6 gxf6 21.
Qxf6 Rhf8 22. O-O c4 23. d5 Qb6 24. dxe6+ Qxe6 25. Rad1+ Kc7 26. Qf4+ Kb7 27. Rfe1 Qg6 28. Rd6 Qg5 29. Qf3+ Ka7 30. h4 Qg6 31. Qe3+ Kb8 32. Rxg6 fxg6 33. Qb6+ 1-0

[Event "Late-Titled-Tuesday-Blitz-November-28-2023"]
[Site "Chess.com"]
[Date "2023.11.28"]
[Round "7"]
[White "cthake"]
[Black "C_K_G"]
[Result "1-0"]
[WhiteElo "1930"]
[BlackElo "2172"]
[TimeControl "180+1"]
[EndTime "15:15:06 PST"]
[Termination "cthake won by checkmate"]

1. e4 c5 2. Nc3 d6 3. f4 e6 4. Nf3 Nf6 5. Bb5+ Bd7 6. Bxd7+ Qxd7 7. O-O d5 8. e5 Ne4 9. Nxe4 dxe4 10. Ng5 Qd4+ 11.
Kh1 h6 12. Nh3 Nc6 13. Qe2 O-O-O 14. Nf2 f5 15. exf6 gxf6 16. Qxe4 Qd6 17. c3 f5 18.
Qc4 Bg7 19. d3 Kb8 20. Be3 b6 21. a4 Rc8 22. Rfd1 Bf6 23. Qb5 Ka8 24. Rd2 Rhg8 25.
Rad1 Qd5 26. Nh3 Rg7 27. Qc4 Qd6 28. d4 cxd4 29. cxd4 Ne7 30. Qe2 Nd5 31. Qf3 Rgc7 32. Bg1 Rc2 33. b4 Qxb4 34. Rxc2 Rxc2 35. Nf2 Qxa4 36.
Nd3 Rc3 37. Qe2 Ra3 38. Qxe6 Nc7 39. Qc8# 1-0

[Event "Late-Titled-Tuesday-Blitz-November-28-2023"]
[Site "Chess.com"]
[Date "2023.11.28"]
[Round "7"]
[White "AlexPapasimakopoulos"]
[Black "randomo"]
[Result "1-0"]
[WhiteElo "2682"]
[BlackElo "2364"]
[TimeControl "180+1"]
[EndTime "15:15:07 PST"]
[Termination "AlexPapasimakopoulos won by resignation"]

1. d4 Nf6 2. c4 Nc6 3. Nf3 e6 4. a3 d6 5. Nc3 g6 6. e4 Bg7 7. d5 Ne7 8. Bd3 O-O 9. O-O c6 10. dxc6 Nxc6 11. Bf4 Qe7 12. e5 dxe5 13. Nxe5 Nh5 14.
Nxc6 bxc6 15. Be3 e5 16. Re1 f5 17. Na4 Qf7 18. Be2 Nf6 19. Bc5 Re8 20. Qc2 Be6 21. Rad1 Ne4 22. Be3 h6 23. h3 Rad8 24.
b3 Nf6 25. Nc5 Bc8 26. Bc1 g5 27. Bb2 e4 28. Rxd8 Rxd8 29. Rd1 Qe7 30. b4 Rxd1+ 31. Qxd1 f4 32. Qa4 f3 33. Bf1 e3 34. Qxc6 e2 35. Qxc8+ Bf8 36. Nd3 exf1=Q+ 37. Kxf1 Qe2+ 38. Kg1 fxg2 39. Kxg2 Qxd3 40. Qe6+ Kh7 41. Bxf6 Qg6 1-0

[Event "Late-Titled-Tuesday-Blitz-November-28-2023"]
[Site "Chess.com"]
[Date "2023.11.28"]
[Round "7"]
[White "StellarChessPro"]
[Black "ElephantChessGenius"]
[Result "1-0"]
[WhiteElo "2521"]
[BlackElo "2253"]
[TimeControl "180+1"]
[EndTime "15:15:10 PST"]
[Termination "StellarChessPro won by checkmate"]

1. Nf3 c5 2. g3 g6 3. Bg2 Bg7 4. O-O Nc6 5. d3 e5 6. Nbd2 Nge7 7. e4 d6 8. Nc4 O-O 9. a4 f5 10. Nh4 f4 11. gxf4 exf4 12. c3 Be6 13. Kh1 Qd7 14.
Nf3 h6 15. Rg1 g5 16. Nfd2 g4 17. Bf1 h5 18. h3 g3 19. Qxh5 gxf2 20. Rg5 Bf7 21.
Qh6 Ng6 22. Rxg6 Bxg6 23. Qxg6 Rf6 24. Qg5 Qf7 25. Qd5 Re6 26. Nf3 Qg6 27. Ng5 Re8 28.
Bxf4 Be5 29. Be3 Kh8 30. Bg2 Rf6 31. Rf1 Bg3 32. e5 Nxe5 33. Be4 Qh5 34. Nxd6 Qe2 35. Bg2 Ref8 36. Bxc5 Rg8 37. Nde4 Rh6 38. Nxg3 Rxg5 39. Bd4 Qe1 40. Bxe5+ Rxe5 41. Qd8+ Re8 42. Qg5 Rhe6 43. Ne4 Qe2 44. Rxf2 Qe1+ 45. Rf1 Qe2 46. Qh4+ Kg8 47. Rg1 Rg6 48. Nf6+ Rxf6 49. Qxf6 Re3 50. Bd5+ Kh7 51.
Qg7# 1-0

[Event "Late-Titled-Tuesday-Blitz-November-28-2023"]
[Site "Chess.com"]
[Date "2023.11.28"]
[Round "7"]
[White "kleber2007"]
[Black "nitpicker"]
[Result "1-0"]
[WhiteElo "2394"]
[BlackElo "2309"]
[TimeControl "180+1"]
[EndTime "15:15:10 PST"]
[Termination "kleber2007 won on time"]

1. Nf3 Nf6 2. g3 d5 3. Bg2 e6 4. O-O Be7 5. c4 c6 6. d4 O-O 7.
Qc2 b6 8. Rd1 Nbd7 9. b3 Bb7 10.
Nc3 Rc8 11. e4 a5 12. e5 Ne8 13. Bb2 Nc7 14. h4 h6 15. Rac1 c5 16. cxd5 Nxd5 17.
Nxd5 Bxd5 18. Qe2 Qc7 19. dxc5 Nxc5 20. Nd4 Bxg2 21. Kxg2 Rfd8 22. Qf3 Rd5 23. Nb5 Qd7 24. Rxd5 exd5 25. Nd4 Rd8 26. Nf5 Bf8 27. Rd1 Ne6 28.
Qg4 Kh7 29. Ne3 d4 30. Qe4+ Kg8 31. Nf5 d3 32. Nd6 Bxd6 33. exd6 Qxd6 34. Rd2 Qd5 35.
Qxd5 Rxd5 36. Kf3 Nc5 37. Ba3 Ne6 38. Ke4 Rd4+ 39. Ke3 f5 40. Rxd3 Rxd3+ 41. Kxd3 Kf7 42.
Kc4 f4 43. Kb5 1-0

[Event "Late-Titled-Tuesday-Blitz-November-28-2023"]
[Site "Chess.com"]
[Date "2023.11.28"]
[Round "7"]
[White "katharinareinecke"]
[Black "SEBAZZANO"]
[Result "0-1"]
[WhiteElo "2010"]
[BlackElo "2260"]
[TimeControl "180+1"]
[EndTime "15:15:10 PST"]
[Termination "SEBAZZANO won by resignation"]

1. d4 Nf6 2. c4 c5 3. Nf3 g6 4. g3 Bg7 5. Bg2 O-O 6. O-O cxd4 7. Nxd4 Nc6 8. e3 Nxd4 9. exd4 d5 10. cxd5 Nxd5 11. Nc3 Nb6 12. Bf4 Qxd4 13. Qxd4 Bxd4 14. Rfd1 e5 15. Bh6 Rd8 16. Ne2 Bg4 17. Kf1 Bxb2 18. Rab1 Nc4 19. Bxb7 Rab8 20. Bg2 Be6 21. h4 f6 22. Bc6 Kf7 23. a4 Bf5 24. Rxd8 Rxd8 25. Re1 Rd6 26. Bb5 Nd2+ 27. Kg2 Be4+ 28. f3 Nxf3 29.
Rf1 Nd2+ 30. Kf2 Nxf1 31. Kxf1 Bd3 32. Ke1 Bxb5 33. axb5 Rb6 34. Be3 Rxb5 35. Bxa7 Ke6 36. Be3 f5 37. Kd2 Ba3 38. Kc2 Bc5 39. Bd2 Bd4 40. g4 fxg4 41. Ng3 h5 42. Ne4 Rb2+ 43. Kd3 Rxd2+ 44. Kxd2 Kf5 45. Kd3 Bb2 46. Ke3 Bc1+ 47. Kd3 g5 48. Nxg5 Bxg5 49. hxg5 Kxg5 50. Ke3 Kf5 51. Kf2 e4 52. Kg3 Ke5 53. Kh4 Kd4 54. Kxh5 e3 55. Kxg4 e2 56. Kf5 e1=Q 57. Kf6 Qe5+ 0-1

[Event "Late-Titled-Tuesday-Blitz-November-28-2023"]
[Site "Chess.com"]
[Date "2023.11.28"]
[Round "7"]
[White "KorolDimitriy75"]
[Black "PawnEatingZombie"]
[Result "0-1"]
[WhiteElo "2289"]
[BlackElo "2194"]
[TimeControl "180+1"]
[EndTime "15:15:12 PST"]
[Termination "PawnEatingZombie won on time"]

1. d4 Nf6 2. c4 g6 3. Nc3 d5 4. cxd5 Nxd5 5. e4 Nxc3 6. bxc3 Bg7 7. Nf3 c5 8. Rb1 O-O 9. Be2 Nc6 10. d5 Ne5 11.
Nxe5 Bxe5 12. Qd2 e6 13. f4 Bc7 14. O-O exd5 15. exd5 Ba5 16. Bb2 Bf5 17. Rbd1 h5 18. d6 Qb6 19. Kh1 Rad8 20. Ba1 Rd7 21. Qd5 Rfd8 22. c4 Rxd6 23. Qe5 f6 24. Rxd6 Qxd6 25. Qxf6 Qxf6 26. Bxf6 Rd2 27. Bf3 Kf7 28. Be5 b6 29. Bd5+ Ke7 30. h3 Rxa2 31. Rd1 Rd2 32. Rb1 Bb4 33. Ra1 a5 34. Bc7 Bc3 35. Re1+ Kf6 36. Bxb6 a4 37. Bd8+ Kg7 38. Re7+ Kh6 0-1

[Event "Late-Titled-Tuesday-Blitz-November-28-2023"]
[Site "Chess.com"]
[Date "2023.11.28"]
[Round "7"]
[White "Fortitudine"]
[Black "whitemirrorninja"]
[Result "1-0"]
[WhiteElo "2405"]
[BlackElo "2516"]
[TimeControl "180+1"]
[EndTime "15:15:14 PST"]
[Termination "Fortitudine won by checkmate"]

1. c4 b6 2. e4 e5 3. Nc3 Nc6 4. g3 Bc5 5. Bg2 Nf6 6. Nge2 h5 7. h4 Ng4 8. O-O g5 9. hxg5 h4 10. d4 exd4 11. Nxd4 Nxf2 12. Rxf2 Bxd4 13. Qf3 Ne5 14. Qf4 h3 15. Be3 hxg2 16. Bxd4 Rh1+ 17. Kxg2 Rxa1 18.
Bxe5 Qe7 19. Nd5 Qf8 20. Nxc7+ Kd8 21. Bf6+ Qe7 22. Bxe7+ Kxe7 23. Qxf7+ Kd6 24. Qd5+ Kxc7 25. Qxa8 Bb7 26. Qxa7 Re1 27. Rf4 Kc8 28. Kf3 Rf1+ 29.
Kg4 Re1 30. Kf5 Rg1 31. Qxb6 Rxg3 32. g6 d6 33. Kf6 d5 34. cxd5 Rg1 35. e5 Bxd5 36.
Qc5+ Kd7 37. Qxd5+ Ke8 38. Rc4 Rc1 39. Qe6+ Kd8 40. Qd6+ Ke8 41. Qe7# 1-0

[Event "Late-Titled-Tuesday-Blitz-November-28-2023"]
[Site "Chess.com"]
[Date "2023.11.28"]
[Round "7"]
[White "colegiodemadrid"]
[Black "Alex_Banzea"]
[Result "1/2-1/2"]
[WhiteElo "2495"]
[BlackElo "2660"]
[TimeControl "180+1"]
[EndTime "15:15:15 PST"]
[Termination "Game drawn - insufficient material"]

1. d4 Nf6 2. c4 g6 3. Nc3 Bg7 4. e4 d6 5. f3 O-O 6. Be3 a6 7.
Qd2 Nc6 8. Nge2 Na5 9. Nf4 b5 10. h4 e5 11. dxe5 dxe5 12. Qxd8 Rxd8 13. Nfd5 Nxc4 14.
Bxc4 bxc4 15. O-O-O Nxd5 16. Nxd5 Bb7 17. Nxc7 Rac8 18.
Bb6 Rd4 19. Nd5 Bxd5 20. exd5 Rb8 21. Bc7 Rb5 22. d6 Rbd5 23. Kc2 Bf8 24. d7 Rxd7 25. Bxe5 Rd3 26. Rxd3 cxd3+ 27. Kd2 Bh6+ 28. Kd1 d2 29. Bc3 Be3 30. Ke2 f5 31. Rd1 Re7 32. Kd3 Bf2 33.
h5 Be1 34. hxg6 Rd7+ 35. Kc2 hxg6 36. Bxd2 Bxd2 37. Rxd2 Rc7+ 38. Kb3 Kf7 39. Rd6 Rb7+ 40. Kc3 Rc7+ 41. Kb3 Rb7+ 42. Ka3 a5 43. Rd5 Ra7 44.
Ka4 Rb7 45. b3 Rc7 46. Rd2 Rc5 47. a3 g5 48. b4 axb4 49. axb4 Rc1 50. Ka5 Ra1+ 51.
Kb6 Rb1 52. b5 g4 53. fxg4 fxg4 54. Kc6 Kf6 55. b6 Rc1+ 56. Kb7 Kf5 57. Ka8 Ra1+ 58.
Kb8 g3 59. Rd4 Ra2 60. b7 Rxg2 61. Rb4 Rh2 62. Ka7 Rh8 63. b8=Q Rxb8 64. Kxb8 g2 65. Rb1 Kf4 66. Rg1 Kf3 67. Rxg2 Kxg2 1/2-1/2

[Event "Late-Titled-Tuesday-Blitz-November-28-2023"]
[Site "Chess.com"]
[Date "2023.11.28"]
[Round "7"]
[White "Siemba"]
[Black "PowerThinking2650"]
[Result "0-1"]
[WhiteElo "2595"]
[BlackElo "2480"]
[TimeControl "180+1"]
[EndTime "15:15:15 PST"]
[Termination "PowerThinking2650 won by checkmate"]

1. e4 e5 2. Nf3 Nc6 3. Bc4 Nf6 4. Ng5 d5 5. exd5 Na5 6. Bb5+ c6 7. dxc6 bxc6 8. Bd3 Nd5 9. h4 g6 10. Nc3 f5 11. Qf3 Bg7 12. Nxd5 Qxd5 13. Qxd5 cxd5 14. Bb5+ Bd7 15. Bxd7+ Kxd7 16. d3 Nc6 17. c3 h6 18.
Nh3 d4 19. Bd2 Rhb8 20. b3 e4 21. c4 e3 22. Bc1 Be5 23. Ba3 f4 24. f3 a5 25. Ng1 Ke6 26. Ne2 Kf5 27. Rb1 Nb4 28.
Bxb4 axb4 29. Nc1 g5 30. hxg5 hxg5 31. Rh6 Rh8 32. Rb6 Rh1+ 33. Ke2 Rg1 34. Rxb4 Rxg2+ 35. Ke1 Rh8 36. Kf1 Rf2+ 37. Kg1 Rxf3 38. Ne2 Rf2 39. Re1 f3 40. Nxd4+ Bxd4 41. Rb5+ Kg4 42. Rd5 Rg2+ 43. Kf1 Rh1# 0-1

[Event "Late-Titled-Tuesday-Blitz-November-28-2023"]
[Site "Chess.com"]
[Date "2023.11.28"]
[Round "7"]
[White "Zhigalko_Sergei"]
[Black "grandemestregringo"]
[Result "1-0"]
[WhiteElo "2902"]
[BlackElo "2648"]
[TimeControl "180+1"]
[EndTime "15:15:18 PST"]
[Termination "Zhigalko_Sergei won on time"]

1. e4 e5 2. Nf3 Nc6 3. Bc4 Nf6 4. d3 Be7 5. O-O O-O 6. Re1 d6 7. c3 Na5 8. Bb5 a6 9. Ba4 b5 10. Bc2 c5 11. Nbd2 h6 12. Nf1 Re8 13.
Ng3 Bf8 14. h3 Nc6 15. d4 cxd4 16. cxd4 exd4 17. Nxd4 Bb7 18. Bf4 Rc8 19. Nxc6 Rxc6 20. Qd3 Qc8 21. Bb3 Rc5 22. Rad1 a5 23. a3 a4 24. Ba2 Qc6 25. f3 Rc2 26. Rc1 Rc8 27.
Rxc2 Qxc2 28. Qxb5 Bc6 29. Qe2 Ba8 30. Qxc2 Rxc2 31.
Re2 Rc8 32. Rd2 d5 33. Bxd5 Bc5+ 34. Kh2 Nxd5 35. exd5 Rd8 36. Ne4 Bb6 37. Nc3 Ba5 38. d6 f6 39. Rd4 g5 40. Bg3 Bc6 41. Nxa4 f5 42. Be5 Re8 43. d7 Bxd7 44. Rxd7 Rxe5 45. b4 1-0

[Event "Late-Titled-Tuesday-Blitz-November-28-2023"]
[Site "Chess.com"]
[Date "2023.11.28"]
[Round "7"]
[White "jcibarra"]
[Black "NateSolon"]
[Result "1-0"]
[WhiteElo "2883"]
[BlackElo "2669"]
[TimeControl "180+1"]
[EndTime "15:15:22 PST"]
[Termination "jcibarra won on time"]

1. e4 c5 2. Nf3 Nf6 3. e5 Nd5 4. d4 cxd4 5. Qxd4 e6 6. a3 Nc6 7.
Qd1 Qc7 8. c4 Nde7 9. Nc3 Nxe5 10. Nb5 Nxf3+ 11. Qxf3 Qe5+ 12. Be2 Ng6 13. Qg3 Qxg3 14.
hxg3 Kd8 15. Be3 b6 16. Bf3 Rb8 17. Nxa7 Bc5 18. Bxc5 bxc5 19. O-O-O Ke7 20. Rh5 f5 21. g4 Nf4 22. Rh4 g5 23. Rh6 Ba6 24. g3 Ng6 25. gxf5 exf5 26. Bd5 Kf6 27. Rdh1 Kg7 28. R6h5 h6 29.
f4 gxf4 30. Rxf5 Rhf8 31. g4 Rxf5 32. gxf5 Ne5 33. f6+ Kxf6 34. Rxh6+ Kg5 35. Rxa6 f3 36. Nb5 f2 37. Bg2 Nxc4 38. Nd6 Ne3 39. Ne4+ Kf4 40. Nxf2 Nxg2 41. Rd6 Rb7 42. Nd3+ Ke3 43. Nxc5 Rc7 44. b4 Nf4 45. Kb2 1-0

[Event "Late-Titled-Tuesday-Blitz-November-28-2023"]
[Site "Chess.com"]
[Date "2023.11.28"]
[Round "7"]
[White "DuleMudule"]
[Black "wannabe2700"]
[Result "1-0"]
[WhiteElo "2854"]
[BlackElo "2625"]
[TimeControl "180+1"]
[EndTime "15:15:23 PST"]
[Termination "DuleMudule won on time"]

1. d4 d5 2. Bg5 h6 3. Bh4 c5 4. e3 Nc6 5. Nc3 Nf6 6. dxc5 e6 7. Nf3 Bxc5 8. Bd3 Qb6 9. a3 Be7 10. O-O O-O 11. Rb1 Rd8 12. Qe2 e5 13. e4 dxe4 14.
Nxe4 Bg4 15. Nxf6+ Bxf6 16. Bxf6 gxf6 17. c3 f5 18. h3 Bxf3 19. Qxf3 e4 20. Qg3+ Kh7 21.
Bc4 Rg8 22. Qf4 Qc5 23. Bxf7 Rg7 24. Be6 Rf8 25. Rbd1 Qe5 26. Qxe5 Nxe5 27. Rd5 Nf3+ 28.
Kh1 Nh4 29. g3 Re7 30. Bd7 Rff7 31. Rfd1 e3 32. fxe3 Ng6 33. Bxf5 Rxe3 34. Rd7 Kg7 35. Rxf7+ Kxf7 36. Bxg6+ Kxg6 37. Rd6+ Kg5 38. Rd5+ Kg6 39. Rb5 b6 40. Kg2 Rd3 41. h4 h5 42. a4 1-0

[Event "Late-Titled-Tuesday-Blitz-November-28-2023"]
[Site "Chess.com"]
[Date "2023.11.28"]
[Round "7"]
[White "reevecanada"]
[Black "stasOR4ik"]
[Result "0-1"]
[WhiteElo "2624"]
[BlackElo "2493"]
[TimeControl "180+1"]
[EndTime "15:15:23 PST"]
[Termination "stasOR4ik won by checkmate"]

1. d4 c6 2. Bf4 d5 3. e3 Nf6 4. c3 Ne4 5. Bd3 f5 6. f3 Nd6 7. Nd2 e6 8. Qe2 g5 9. Be5 Rg8 10. e4 Nd7 11. exf5 Nxe5 12. Qxe5 Bg7 13. Qe2 Qf6 14.
fxe6 Bxe6 15. Bxh7 Rh8 16. Bd3 O-O-O 17. O-O-O b5 18.
Qf2 b4 19. Nb3 Nc4 20. Bxc4 dxc4 21. Nc5 Bf5 22. Qf1 Bd3 23. Nxd3 bxc3 24. bxc3 Rxd4 25. cxd4 Qxd4 26. Qf2 Qa1+ 27. Kd2 Bc3+ 28. Kc2 cxd3+ 29. Kxd3 Rd8+ 30. Kc4 Rxd1 31. Ne2 Qxa2+ 32. Kxc3 Qd2+ 33.
Kc4 Rxh1 34. f4 Rc1+ 35. Nxc1 Qxf2 36. Nd3 Qxg2 37. Kd4 Qd5+ 38. Ke3 gxf4+ 39. Nxf4 Qh1 40. h3 Qh2 41. Kf3 a5 42. Kg4 a4 43. h4 a3 44. h5 a2 45. h6 a1=Q 46. Ng6 Qag1+ 47. Kf5 Qhf2+ 48. Ke6 Qge1+ 49. Ne5 Qf4 50. Kd6 Qexe5+ 51.
Kxc6 Qc4+ 52. Kb6 Qeb5+ 53. Ka7 Qca4# 0-1

[Event "Late-Titled-Tuesday-Blitz-November-28-2023"]
[Site "Chess.com"]
[Date "2023.11.28"]
[Round "7"]
[White "Statham_l3"]
[Black "giomar27"]
[Result "1-0"]
[WhiteElo "2558"]
[BlackElo "2421"]
[TimeControl "180+1"]
[EndTime "15:15:25 PST"]
[Termination "Statham_l3 won by checkmate"]

1. Na3 e5 2. Nc4 Nc6 3. e4 Nf6 4. d3 Bc5 5. Nf3 d6 6. Be3 O-O 7. Bxc5 dxc5 8. Ncxe5 Nxe5 9. Nxe5 Qd4 10. Nf3 Qxb2 11.
Be2 Qc3+ 12. Nd2 Be6 13. O-O Rad8 14. f4 c4 15. e5 cxd3 16. Bxd3 Ng4 17. Qe2 Qd4+ 18.
Kh1 Ne3 19. Nf3 Qc5 20. Ng5 g6 21. Rf3 Nf5 22. Ne4 Qd4 23. Nf6+ Kg7 24. Raf1 h5 25.
Bxf5 Bxf5 26. Rg3 Kh6 27. Rg5 Bg4 28. Nxg4+ hxg4 29. Qxg4 Qe4 30. h4 Kg7 31. f5 Qxg4 32. f6+ Kh6 33. Rxg4 Rd2 34. Rc4 c6 35. a4 Re8 36.
Re4 Re6 37. c4 Ra2 38. Rb1 b6 39. c5 bxc5 40. Rb8 c4 41. Rh8# 1-0

[Event "Late-Titled-Tuesday-Blitz-November-28-2023"]
[Site "Chess.com"]
[Date "2023.11.28"]
[Round "7"]
[White "rdarruda"]
[Black "sansanathalia"]
[Result "1-0"]
[WhiteElo "2520"]
[BlackElo "2224"]
[TimeControl "180+1"]
[EndTime "15:15:30 PST"]
[Termination "rdarruda won by checkmate"]

1. d4 Nf6 2. Nf3 e6 3. g3 d5 4. Bg2 Be7 5. O-O O-O 6. c4 dxc4 7. Ne5 Nc6 8. Bxc6 bxc6 9. Nxc6 Qe8 10. Nxe7+ Qxe7 11. Qa4 e5 12. dxe5 Qxe5 13. Qxc4 Be6 14. Qd3 Qh5 15.
f3 Rfd8 16. Qc2 Rd7 17. Nc3 Rad8 18. Be3 Qe5 19. Bf4 Qc5+ 20. Kh1 Bh3 21. Rg1 Qf2 22.
Rac1 h6 23. g4 Bxg4 24. Bg3 Qc5 25. fxg4 Rd2 26. Qf5 Qc6+ 27. Qf3 Qa6 28. Rgd1 Rxd1+ 29. Rxd1 Rxd1+ 30. Nxd1 Qxa2 31. h3 Qb1 32. Qd3 Qc1 33.
Kg2 Qc6+ 34. Kh2 Qc1 35. Nf2 Qxb2 36. Bxc7 a5 37. Bxa5 Qe5+ 38. Kg2 Qxa5 39. Qf3 Qe5 40. h4 Nd5 41. Nd3 Qe6 42. e4 Nf6 43. Qf5 Qxf5 44. gxf5 Nxe4 45. Kf3 Nd6 46. Kf4 Kf8 47. Ne5 Ke7 48.
Nc6+ Kf6 49. Nd4 Nc4 50. Ne2 Nb6 51. Ng3 Nd5+ 52. Ke4 Ne7 53. Nh5# 1-0

[Event "Late-Titled-Tuesday-Blitz-November-28-2023"]
[Site "Chess.com"]
[Date "2023.11.28"]
[Round "7"]
[White "Likvidator228"]
[Black "Haykoooo0o"]
[Result "1-0"]
[WhiteElo "2564"]
[BlackElo "2429"]
[TimeControl "180+1"]
[EndTime "15:15:32 PST"]
[Termination "Likvidator228 won on time"]

1. d4 d5 2. Bf4 Nf6 3. e3 c5 4. c3 Nc6 5. Nd2 cxd4 6. exd4 Bg4 7. Qb3 Qd7 8. Ngf3 Bxf3 9. Nxf3 e6 10. Bd3 Bd6 11. Bxd6 Qxd6 12. O-O O-O 13. Rfe1 Qc7 14. Ne5 Nxe5 15. Rxe5 a6 16. a4 Rab8 17. h3 b5 18.
axb5 axb5 19. Qb4 Ra8 20. Ree1 Rfb8 21. Bxb5 Rxa1 22. Rxa1 g6 23. b3 Ne4 24. c4 Nd6 25.
Qa5 Nxb5 26. cxb5 Qc2 27. Qb4 Qc7 28. g3 Kg7 29. Ra6 Qb7 30. Ra5 Qc7 31. Kg2 Rb6 32. Ra6 Rb7 33. Rc6 Qd7 34. Qc5 Qe7 35. b6 Qf6 36. Rc7 Rb8 37. b7 Qf5 38. Qe7 Qe4+ 39. Kh2 Qf5 40. Kg1 Qb1+ 41. Kh2 Qf5 42. Kg2 Qe4+ 43. Kf1 Qd3+ 44. Kg1 1-0

[Event "Late-Titled-Tuesday-Blitz-November-28-2023"]
[Site "Chess.com"]
[Date "2023.11.28"]
[Round "7"]
[White "Oleksandr_Bortnyk"]
[Black "LiemLe"]
[Result "1-0"]
[WhiteElo "3076"]
[BlackElo "3123"]
[TimeControl "180+1"]
[EndTime "15:15:34 PST"]
[Termination "Oleksandr_Bortnyk won on time"]

1. e4 c5 2. c3 Nf6 3. e5 Nd5 4. d4 cxd4 5. Nf3 d6 6. cxd4 Nc6 7.
Bc4 Nb6 8. Bb5 dxe5 9. Nxe5 Bd7 10. Nxd7 Qxd7 11. Nc3 e6 12. O-O Be7 13. Bxc6 Qxc6 14. Qg4 Bf6 15. Rd1 h5 16. Qh3 Rd8 17. Be3 Nd5 18. Ne4 Be7 19. Rac1 Qb6 20. b3 f6 21. Re1 Kf7 22. Qf3 h4 23. h3 Qa6 24. Bd2 Kg8 25. a4 Qb6 26. Nc5 Bxc5 27. dxc5 Qc6 28. b4 Nc7 29.
Qe2 a6 30. b5 axb5 31. Ba5 bxa4 32. Bxc7 Qxc7 33. Qxe6+ Qf7 34. Qb6 Kh7 35. Qb4 Qh5 36.
Qxb7 Rhe8 37. Rxe8 Rxe8 38. c6 Qg5 39. Qb2 Qe5 40.
Qc2+ Kh8 41. Qxa4 Qg5 42. Rd1 Rc8 43. Rd4 Qc1+ 44. Kh2 Qxc6 45. Rxh4+ Kg8 46. Qb3+ Kf8 47. Rh8+ Ke7 48. Qa3+ Kf7 49. Qb3+ Ke7 50. Rh7 Qd6+ 51. g3 1-0